 Dungeon Crawl Stone Soup version 0.30-a0-778-g2ef04afb54 (webtiles) character file.

Game seed: 12517874966985682595

27 Nedwor the Cutter (level 2, -1/22 HPs)
             Began as a Demonspawn Gladiator on Feb 14, 2023.
             Slain by Terence
             ... wielding a +3 vampiric falchion
              (3 damage)
             ... on level 2 of the Dungeon on Feb 15, 2023.
             The game lasted 00:02:30 (1096 turns).

Nedwor the Cutter (Demonspawn Gladiator)            Turns: 1096, Time: 00:02:31

Health: -1/22      AC:  8    Str: 14    XL:     2   Next: 93%
Magic:  2/2        EV: 11    Int:  9    God:
Gold:   37         SH:  0    Dex: 14    Spells: 1/1 levels left

rFire   . . .      SeeInvis .    a - +0 rapier
rCold   . . .      Faith    .    (no shield)
rNeg    . . .      Spirit   .    l - +0 ring mail
rPois   .          Reflect  .    c - +0 helmet
rElec   .          Harm     .    k - +0 cloak
rCorr   .          Rampage  .    (no gloves)
Will    .....                    j - +0 pair of boots
Stlth   +                        (no amulet)
HPRegen 0.23/turn                (no ring)
MPRegen 0.08/turn                (no ring)

@: no status effects
A: powered by pain 1
a: no special abilities


You were on level 2 of the Dungeon.
You visited 1 branch of the dungeon, and saw 2 of its levels.

You collected 37 gold pieces.

Inventory:

Hand Weapons
 a - a +0 rapier (weapon)
Missiles
 d - 3 throwing nets (quivered)
 e - a javelin
Armour
 c - a +0 helmet (worn)
 j - a +0 pair of boots (worn)
 k - a +0 cloak (worn)
 l - a +0 ring mail (worn)
Scrolls
 f - 2 scrolls of brand weapon {unknown}
 m - a scroll of blinking {unknown}
 o - a scroll of immolation {unknown}
 p - 2 scrolls of poison {unknown}
 s - a scroll of fear {unknown}
 t - a scroll of enchant armour {unknown}
Potions
 b - a potion of resistance {unknown}
 g - a potion of flight {unknown}
 h - 3 potions of curing {unknown}
 i - a potion of haste {unknown}
 n - a potion of lignification {unknown}
 q - a potion of heal wounds {unknown}
 r - a potion of degeneration {unknown}


   Skills:
 + Level 2.3 Fighting
 * Level 3.1 Short Blades
 - Level 1.7 Throwing
 + Level 0.8 Armour
 + Level 3.0 Dodging


You had one spell level left.
You didn't know any spells.
Your spell library was empty.

Dungeon Overview and Level Annotations

Branches:
Dungeon (2/15)

Altars:

Annotations:
D:2 Terence


Innate Abilities, Weirdness & Mutations

You sometimes gain a little power by taking damage.


Message History

Terence hits you with a +3 vampiric falchion.
You hit Terence.
Terence is moderately wounded.
Terence barely misses you.
You hit Terence but do no damage.
Terence is moderately wounded.
Terence hits you but does no damage.
You hit Terence.
Terence is moderately wounded.
Terence hits you with a +3 vampiric falchion!
Ouch! That really hurt!
You are too injured to fight recklessly!
You are too injured to fight recklessly!
You are too injured to fight recklessly!
You are too injured to fight recklessly!
You are too injured to fight recklessly!
You are too injured to fight recklessly!
You are too injured to fight recklessly!
You are too injured to fight recklessly!
You are too injured to fight recklessly!
You are too injured to fight recklessly!
You barely miss Terence.
Terence is moderately wounded.
Terence barely misses you.
You hit Terence but do no damage.
Terence is moderately wounded.
Terence hits you with a +3 vampiric falchion.
* * * LOW HITPOINT WARNING * * *
You hit Terence.
Terence is heavily wounded.
Terence hits you but does no damage.
You hit Terence but do no damage.
Terence is heavily wounded.
Terence hits you with a +3 vampiric falchion.
* * * LOW HITPOINT WARNING * * *
Terence draws strength from your wounds!
You barely miss Terence.
Terence is moderately wounded.
Terence hits you with a +3 vampiric falchion.
You die...

..# #.# #.#######
#.......#..#####
#######.##.....##
#.######..#
#.......#.##
###.....#..#
#..(..[##@#
#.....###@.#
#.#.#.# ##.#
#.....# .#
###...# .. #.###
#.. #.# #. ... ##


You could see Terence.

Vanquished Creatures
  An adder (D:2)
  4 bats
  An endoplasm (D:1)
  2 giant cockroaches (D:1)
  A goblin (D:1)
  3 hobgoblins
  A ball python (D:1)
  2 frilled lizards
  3 rats
18 creatures vanquished.

Notes
Turn   | Place    | Note
-------+----------+-------------------------------------------
     0 | D:1      | Nedwor the Demonspawn Gladiator began the quest for the
                  | Orb.
     0 | D:1      | Reached XP level 1. HP: 16/16 MP: 1/1
   379 | D:1      | Gained mutation: You sometimes gain a little power by
                  | taking damage. [demonic ancestry]
   379 | D:1      | Reached XP level 2. HP: 22/22 MP: 2/2
   939 | D:2      | Upgraded the game from 0.30-a0-777-ga9a30cbeda to
                  | 0.30-a0-778-g2ef04afb54
  1085 | D:2      | Noticed Terence
  1096 | D:2      | Slain by Terence

Illustrated notes

Levels and vault maps discovered:
D:1:      dpeg_arrival_shelter, layout_loops_corners
D:2:      layout_basic, minmay_lizard_king, uniq_terence

Skill      XL: |  1  2 |
---------------+-------+-----
Short Blades   | 3 |  3.1
Dodging        | 3 |  3.0
Fighting       | |  2.3
Throwing       | |  1.7
Armour         | |  0.8

Action                     || total
---------------------------++-------
  Melee: Rapier            ||    98
         Punch             ||     1
   Stab: Sleeping          ||     1
 Armour: Ring mail         ||    40
         Leather armour    ||     3
  Dodge: Dodged            ||    69

Table legend: (Time is in decaauts)
 A = Elapsed time spent in this place.
 B = Non-inter-level travel time spent in this place.
 C = Inter-level travel time spent in this place.
 D = Time resting spent in this place.
 E = Time spent auto-exploring this place.
 F = Levels seen in this place.
 G = Mean time per level.
                   A        B        C        D        E       F      G
               +--------+--------+--------+--------+--------+-----+--------+
         Total |   1100 |   1062 |     38 |      0 |    826 |   2 |  550.0 |
       Dungeon |   1100 |   1062 |     38 |      0 |    826 |   2 |  550.0 |
               +--------+--------+--------+--------+--------+-----+--------+

Top non-repeatable levels by time:
     D:1: 941 daAuts
     D:2: 159 daAuts
